 Dungeon Crawl Stone Soup version 0.30.1-4-g462c640d31 (webtiles) character file.

Game seed: 13343302936038245159

2803 Bobit the Chiller (level 9, -4/68 HPs)
             Began as a Gnoll Wanderer on Aug 17, 2023.
             Slain by a catoblepas (21 damage)
             ... on level 8 of the Dungeon.
             The game lasted 00:26:24 (7574 turns).

Bobit the Chiller (Gnoll Wanderer)                  Turns: 7574, Time: 00:26:25

Health: -4/68      AC: 16    Str:  9    XL:     9   Next: 71%
Magic:  17/17      EV: 12    Int:  9    God:
Gold:   68         SH:  0    Dex: 17    Spells: 10/19 levels left

rFire   + . .        h - +4 scimitar
rCold   . . .        (no shield)
rNeg    + . .        O - +2 chain mail {rF+}
rPois   .            E - +2 hat
rElec   .            (no cloak)
rCorr   .            L - +0 pair of gloves of the Monkey {Harm Int-4 Slay+6 Stlth+}
SInv    .            p - +0 pair of boots
Will    .....        i - amulet of the acrobat
Stlth   ++           C - ring of positive energy
HPRegen 0.31/turn    K - +5 ring of evasion
MPRegen 0.15/turn

%: harm (+30% outgoing, +20% incoming), acrobat
@: no status effects
A: fangs 1, strong nose, distributed training
a: no special abilities


You were on level 8 of the Dungeon.
You visited 1 branch of the dungeon, and saw 8 of its levels.
You also visited: Sewer.

You collected 357 gold pieces.
You spent 289 gold pieces at shops.

Inventory:

Hand Weapons
 a - a +0 short sword
 f - a +1 heavy long sword
 h - a +4 scimitar (weapon)
 u - a +2 heavy war axe
 F - a +2 dagger of speed
Missiles
 I - 3 boomerangs
Armour
 b - a +0 pair of boots
 d - a +0 robe
 k - a +0 pair of gloves
 p - a +0 pair of boots (worn)
 D - a +0 pair of boots
 E - a +2 hat (worn)
 L - the +0 pair of gloves of the Monkey (worn) {Harm Int-4 Slay+6 Stlth+}
   (You found it in a sewer)

   Int:       It affects your intelligence (-4).
   Slay:      It affects your accuracy & damage with ranged weapons and melee
   (+6).
   Harm:      It increases damage dealt and taken.
   Stlth:     It makes you more stealthy.
 O - a +2 chain mail of fire resistance (worn)
Magical Staves
 M - a staff of air
Jewellery
 i - an amulet of the acrobat (around neck)
 o - a +6 ring of strength
 s - a ring of protection from cold
 v - a ring of protection from cold
 A - a ring of see invisible
 C - a ring of positive energy (left hand)
 K - a +5 ring of evasion (right hand)
Wands
 y - a wand of flame (7)
 H - a wand of iceblast (6)
Scrolls
 e - 3 scrolls of fear
 g - a scroll of blinking
 j - 2 scrolls of silence {unknown}
 l - 3 scrolls of noise
 m - 2 scrolls of teleportation {unknown}
 n - 6 scrolls of enchant weapon
 r - a scroll of vulnerability {unknown}
 t - a scroll of magic mapping {unknown}
 J - 4 scrolls of enchant armour
 P - a scroll of identify
 Q - a scroll of fog {unknown}
Potions
 c - 3 potions of attraction
 w - 2 potions of invisibility {unknown}
 x - 2 potions of might
 z - 2 potions of curing
 B - 2 potions of cancellation {unknown}
 G - 3 potions of ambrosia {unknown}
 N - a potion of haste {unknown}


   Skills:
 + Level 5.4 Fighting
 + Level 6.6 Short Blades
 + Level 4.7 Long Blades
 + Level 4.7 Axes
 + Level 4.7 Maces & Flails
 + Level 4.7 Polearms
 + Level 4.7 Staves
 + Level 4.7 Ranged Weapons
 + Level 4.7 Throwing
 + Level 4.7 Armour
 + Level 6.6 Dodging
 + Level 5.3 Stealth
 + Level 4.7 Shields
 + Level 4.7 Unarmed Combat
 + Level 5.5 Spellcasting
 + Level 3.9 Conjurations
 + Level 3.9 Hexes
 + Level 3.9 Summonings
 + Level 3.9 Necromancy
 + Level 3.9 Translocations
 + Level 3.9 Transmutations
 + Level 3.9 Fire Magic
 + Level 6.8 Ice Magic
 + Level 3.9 Air Magic
 + Level 3.9 Earth Magic
 + Level 3.9 Poison Magic
 + Level 5.1 Invocations
 + Level 4.7 Evocations


You had 10 spell levels left.
You knew the following spells:

 Your Spells              Type           Power      Damage    Failure   Level
a - Freeze                Ice            56%        1d7       54%         1
b - Ensorcelled Hibernat  Hex/Ice        24%        N/A       87%         2
c - Summon Ice Beast      Ice/Summ       12%        N/A       100%        4
d - Passwall              Tmut/Erth      7%         N/A       97%         2

Your spell library contained the following spells:

 Spells                   Type           Power      Damage    Failure   Level
 Scorch                   Fire           18%        2d6       97%         2
 Portal Projectile        Hex/Tloc       18%        N/A       99%         3
 Tukima's Dance           Hex            9%         N/A       99%         3
 Flame Wave               Conj/Fire      9%         2d6       100%        4
 Blade Hands              Tmut           4%         N/A       100%        5
 Summon Cactus Giant      Summ           4%         N/A       100%        6


Dungeon Overview and Level Annotations

Branches:
Dungeon (8/15)             Temple (0/1) D:4           Sewer (visited)
   Lair: D:8-11

Altars:
Cheibriados
Elyvilon
Uskayaw
Zin
The Shining One

Shops:
D:4 ?*   D:7 *


Innate Abilities, Weirdness & Mutations

You have very sharp teeth.
Your uncanny sense of smell can sniff out nearby items.
Your experience applies equally to all skills.


Message History

Unknown command.
You hit the catoblepas.
The catoblepas is severely wounded.
The catoblepas gores you.
The catoblepas breathes a plume of calcifying dust at you.
The blast of calcifying dust hits you but does no damage.
You slash the catoblepas! You bite the catoblepas.
The catoblepas is almost dead.
The catoblepas breathes a plume of calcifying dust at you.
The blast of calcifying dust hits you!
The centaur is engulfed in calcifying dust.
The centaur is moving more slowly.
The centaur unwields a +0 shortbow.
The centaur completely misses you. The centaur misses you.
The catoblepas completely misses you.
You hit the catoblepas but do no damage.
You bite the catoblepas, but do no damage.
The catoblepas is almost dead.
The centaur hits you but does no damage.
The centaur barely misses you.
The centaur hits you but does no damage.
The centaur kicks you but does no damage.
The catoblepas breathes a plume of calcifying dust at you.
The blast of calcifying dust hits you but does no damage.
An orc warrior comes into view. It is wielding a +0 halberd of venom.
The orc warrior shouts!
The centaur wields a +0 shortbow.
The centaur shoots an arrow.
The arrow hits you but does no damage. The catoblepas closely misses you.
Press: ? - help, v - describe, . - travel
Here: a catoblepas (almost dead)
The floor, spattered with blood.
As you read the scroll labelled LOICWY DUEVALEZIO, it crumbles to dust.
Your body is wracked with pain!
* * * LOW HITPOINT WARNING * * *
The catoblepas convulses!
The centaur convulses!
The orc warrior convulses!
It was a scroll of torment.
The catoblepas gores you.
* * * LOW HITPOINT WARNING * * *
It was a potion of curing.
You feel better.
The centaur is engulfed in calcifying dust.
The centaur stops moving altogether!
The catoblepas gores you!!
You die...

####### #### ##.....##....
##.>.......#########
#>.........#.§......
#..........#.§....
#..........#.§...
##..##'######.§o#####
#...#.........§.#...#
#...#........@c.#...#
##.#.#.).§..§§§Y.#..$#
#..#.#...#######'#../#
#.##.#...#.........8.#
##.##.#...#....8......#
#..##.#...#.......?...+
##.###.#...#####..[$)..###
...## .#.......'.../.......
.......#.......#....).8....


You could see a catoblepas, an orc warrior and a centaur (petrified).

Vanquished Creatures
  Sigmund (D:3)
  A water moccasin (D:7)
  2 orc warriors
  A black bear (D:7)
  An ice beast (D:8)
  A sky beast (D:8)
  An ogre (D:5)
  A phantom (D:4)
  4 bullfrogs
  2 scorpions
  3 wights
  A nameless horror (D:7)
  3 hounds
  An orc priest (D:8)
  A jelly (D:7)
  2 sleepcaps (D:5)
  Jessica (D:3)
  An iguana (D:5)
  4 orc wizards
  9 adders
  An ufetubus (D:5)
  3 worms
  2 dart slugs
  20 orcs
  7 bats
  11 endoplasms
  4 giant cockroaches
  6 goblins
  6 hobgoblins
  2 jackals (D:4)
  8 quokkas
  7 ball pythons
  5 frilled lizards
  3 kobolds (D:1)
  2 rats
128 creatures vanquished.

Vanquished Creatures (collateral kills)
  An ugly thing (D:8)
  Menkaure (D:4)
  A water moccasin (D:7)
  An electric eel (D:8)
  A hound (D:4)
  2 orc priests
  2 iguanas
  A white imp (D:7)
  3 orcs
  2 quokkas (Sewer)
  7 ball pythons
  5 frilled lizards (Sewer)
27 creatures vanquished.

Grand Total: 155 creatures vanquished

Notes
Turn   | Place    | Note
-------+----------+-------------------------------------------
     0 | D:1      | Bobit the Gnoll Wanderer began the quest for the Orb.
     0 | D:1      | Bobit set off with the following items: a +0 short sword, a
                  | +0 pair of boots, a potion of attraction, a +0 robe; and
                  | the following spell memorised: Freeze; and the following
                  | spells available to memorise: Ensorcelled Hibernation,
                  | Summon Ice Beast.
     0 | D:1      | Reached XP level 1. HP: 17/17 MP: 4/4
    22 | D:1      | Found a faded altar of an unknown god.
   109 | D:1      | Reached XP level 2. HP: 18/23 MP: 5/5
   502 | D:1      | Learned a level 2 spell: Ensorcelled Hibernation
   813 | D:1      | Reached XP level 3. HP: 24/28 MP: 4/7
  1004 | D:2      | Reached skill level 1 in Invocations
  1007 | D:2      | Reached skill level 1 in Long Blades
  1007 | D:2      | Reached skill level 1 in Axes
  1007 | D:2      | Reached skill level 1 in Maces & Flails
  1007 | D:2      | Reached skill level 1 in Polearms
  1007 | D:2      | Reached skill level 1 in Staves
  1007 | D:2      | Reached skill level 1 in Ranged Weapons
  1007 | D:2      | Reached skill level 1 in Throwing
  1007 | D:2      | Reached skill level 1 in Armour
  1007 | D:2      | Reached skill level 1 in Shields
  1007 | D:2      | Reached skill level 1 in Unarmed Combat
  1007 | D:2      | Reached skill level 1 in Evocations
  1353 | D:2      | Reached XP level 4. HP: 29/34 MP: 8/8
  1885 | D:3      | Reached skill level 1 in Conjurations
  1885 | D:3      | Reached skill level 1 in Hexes
  1885 | D:3      | Reached skill level 1 in Summonings
  1885 | D:3      | Reached skill level 1 in Necromancy
  1885 | D:3      | Reached skill level 1 in Translocations
  1885 | D:3      | Reached skill level 1 in Transmutations
  1885 | D:3      | Reached skill level 1 in Fire Magic
  1885 | D:3      | Reached skill level 1 in Air Magic
  1885 | D:3      | Reached skill level 1 in Earth Magic
  1885 | D:3      | Reached skill level 1 in Poison Magic
  1969 | D:3      | Noticed Jessica
  1974 | D:3      | Killed Jessica
  2054 | D:3      | Noticed Sigmund
  2074 | D:3      | Killed Sigmund
  2075 | D:3      | Reached skill level 5 in Short Blades
  2075 | D:3      | Reached skill level 5 in Dodging
  2075 | D:3      | Reached XP level 5. HP: 32/41 MP: 8/10
  2075 | D:3      | Reached XP level 6. HP: 37/47 MP: 8/11
  2539 | D:3      | Found a snail-covered altar of Cheibriados.
  2858 | D:4      | Learned a level 4 spell: Summon Ice Beast
  2864 | D:4      | Got the Vellum of Arenous Relocation
  2867 | D:4      | Found a staircase to the Ecumenical Temple.
  3099 | D:4      | Noticed Menkaure
  3111 | D:4      | Killed Menkaure
  3112 | D:4      | Reached XP level 7. HP: 13/52 MP: 2/12
  3309 | D:4      | Found a hide-covered altar of Uskayaw.
  3582 | D:4      | Found Xetuoqej's Assorted Antiques.
  3590 | D:4      | Bought a blackened gold wand for 80 gold pieces
  3590 | D:4      | Bought a fizzy golden potion for 18 gold pieces
  3590 | D:4      | Bought a scroll labelled CUCREH WUPP for 20 gold pieces
  3590 | D:4      | Bought a scroll labelled CUCREH WUPP for 20 gold pieces
  3590 | D:4      | Bought a scroll labelled OKUDIMNA BAWACW for 20 gold pieces
  3835 | D:4      | Found Leixeud's Magic Scroll Boutique.
  3838 | D:4      | Bought a scroll of identify for 26 gold pieces
  3925 | D:5      | Entered Level 5 of the Dungeon
  4141 | D:5      | Reached XP level 8. HP: 17/60 MP: 7/14
  4347 | D:5      | Found a glowing drain.
  4378 | Sewer    | Entered a sewer
  4689 | Sewer    | Identified the +0 pair of gloves of the Monkey {Harm Int-4
                  | Slay+6 Stlth+}
  5587 | D:5      | Noticed a nameless horror
  6180 | D:5      | You fall into a shaft and drop 2 floors!
  6360 | D:7      | Reached XP level 9. HP: 61/67 MP: 12/16
  6466 | D:7      | Reached skill level 5 in Spellcasting
  6509 | D:7      | Reached skill level 5 in Fighting
  6552 | D:7      | Found Pemyuweo's General Store.
  6557 | D:7      | Bought a scroll of enchant armour for 105 gold pieces
  6625 | D:7      | Found a glowing silver altar of Zin.
  6625 | D:7      | Found a white marble altar of Elyvilon.
  6626 | D:7      | Found a glowing golden altar of the Shining One.
  6880 | D:8      | Noticed a nameless horror
  6971 | D:7      | Reached skill level 5 in Stealth
  7216 | D:7      | Learned a level 2 spell: Passwall
  7409 | D:8      | Noticed a white ugly thing
  7430 | D:8      | Killed a white ugly thing
  7431 | D:8      | Reached skill level 5 in Invocations
  7499 | D:8      | Noticed a catoblepas
  7574 | D:8      | Slain by a catoblepas

Illustrated notes

Levels and vault maps discovered:
D:1:      lemuel_arrival_behind_the_door_large, layout_rooms,
          ebering_ecumenical_altar_box
D:2:      layout_basic
D:3:      layout_loops_ring, nicolae_overflow_hidden_temple,
          corexii_leaking_fountain, lemuel_flame_loot_1, uniq_jessica,
          uniq_sigmund
D:4:      layout_basic, nicolae_uskayaw_suspiria,
          minmay_temple_entry_large_hall, serial_shops,
          nicolae_shop_rolling_square, kennysheep_mini_moat, uniq_menkaure
D:5:      layout_gridville, cheibrodos_sewer_entry_sluice, hex_tiny,
          nicolae_concentric_dashed_squares_mild
D:6:      layout_gridville, gammafunk_temple_overflow_claw
D:7:      layout_cave_pools, good_gods_temple_1, serial_shops,
          nicolae_shop_rolling_square, grunt_ministairs_6
D:8:      kennysheep_blocky_room, layout_rooms, serial_bayou,
          serial_bayou_pond_a, serial_bayou_pond_c, serial_bayou_pond_e,
          serial_bayou_pond_d, serial_bayou_pond_c, serial_bayou_pond_e,
          nicolae_concentric_dashed_squares_wild, uniq_grum

Skill      XL: |  1  2  3  4  5  6  7  8  9 |
---------------+----------------------------+-----
Invocations    | 1 2 3 4 5 |  5.1
Long Blades    | 1 2 3 4 |  4.7
Axes           | 1 2 3 4 |  4.7
Maces & Flails | 1 2 3 4 |  4.7
Polearms       | 1 2 3 4 |  4.7
Staves         | 1 2 3 4 |  4.7
Ranged Weapons | 1 2 3 4 |  4.7
Throwing       | 1 2 3 4 |  4.7
Armour         | 1 2 3 4 |  4.7
Shields        | 1 2 3 4 |  4.7
Unarmed Combat | 1 2 3 4 |  4.7
Evocations     | 1 2 3 4 |  4.7
Spellcasting   | 3 4 5 |  5.5
Conjurations   | 1 2 3 |  3.9
Hexes          | 1 2 3 |  3.9
Summonings     | 1 2 3 |  3.9
Necromancy     | 1 2 3 |  3.9
Translocations | 1 2 3 |  3.9
Transmutations | 1 2 3 |  3.9
Fire Magic     | 1 2 3 |  3.9
Air Magic      | 1 2 3 |  3.9
Earth Magic    | 1 2 3 |  3.9
Poison Magic   | 1 2 3 |  3.9
Fighting       | 3 4 5 |  5.4
Short Blades   | 5 6 |  6.6
Dodging        | 5 6 |  6.6
Stealth        | 3 4 5 |  5.3
Ice Magic      | 6 |  6.8

Action                     |  1- 3 |  4- 6 |  7- 9 || total
---------------------------+-------+-------+-------++-------
  Melee: Short sword       |   105 |    53 |       ||   158
         Bite              |     7 |     9 |    50 ||    66
         Punch             |     1 |       |    15 ||    16
         War axe           |       |    42 |    16 ||    58
         Dagger            |       |       |   340 ||   340
         Scimitar          |       |       |    67 ||    67
   Cast: Freeze            |    12 |     6 |     6 ||    24
         Summon Ice Beast  |       |     2 |    21 ||    23
    Use: Potion            |       |     2 |     4 ||     6
         Scroll            |       |       |     6 ||     6
   Stab: Sleeping          |     1 |     4 |     8 ||    13
         Distracted        |       |       |     3 ||     3
 Armour: Robe              |    29 |    17 |    48 ||    94
         Skin              |       |     8 |    49 ||    57
         Chain mail        |       |       |     9 ||     9
  Dodge: Dodged            |    86 |    76 |   286 ||   448
